 Dungeon Crawl Stone Soup version 0.30-b1-2-g02819fbbbe (webtiles) character file.

Game seed: 1644191973536586716

9836 Alarkh the Marksdemonspawn (level 11, -7/79 HPs)
             Began as a Demonspawn Hunter on May 25, 2023.
             Mangled by a quicksilver ooze (10 damage)
             ... in an ice cave.
             The game lasted 00:15:37 (9876 turns).

Alarkh the Marksdemonspawn (Demonspawn Hunter)      Turns: 9876, Time: 00:15:39

Health: -7/79      AC:  8    Str: 11    XL:     11   Next: 28%
Magic:  0/11       EV: 12    Int: 15    God:
Gold:   676        SH:  0    Dex: 17    Spells: 8/10 levels left

rFire   . . .        N - +1 arbalest (freeze)
rCold   + . .        (shield currently unavailable)
rNeg    . . .        Q - +2 robe {rC+}
rPois   .            (no helmet)
rElec   .            (cloak unavailable)
rCorr   .            (no gloves)
SInv    .            x - +0 pair of boots
Will    .....        y - amulet of the acrobat
Stlth   ++           o - ring of flight
HPRegen 0.33/turn    (no ring)
MPRegen 0.12/turn

%: acrobat
@: engulfed (cannot breathe), flying
A: demonic guardian 3, sharp scales 3, weakness stinger 3, robust 1
a: no special abilities


You were in an ice cave.
You visited 3 branches of the dungeon, and saw 11 of its levels.
You also visited: Ice Cave.

You collected 676 gold pieces.

Inventory:

Hand Weapons
 a - a +0 shortbow
 b - a +0 dagger of venom
 N - a +1 arbalest of freezing (weapon)
Armour
 x - a +0 pair of boots (worn)
 F - a +0 cloak
 H - the +3 leather armour of Precision Catastrophes {+Blink Will+}
   (You found it on level 8 of the Dungeon)

   +Blink:    It lets you blink.
   Will:      It increases your willpower.
 Q - a +2 robe of cold resistance (worn)
Magical Staves
 t - a staff of fire
Jewellery
 o - a ring of flight (left hand)
 u - a ring of fire
 y - an amulet of the acrobat (around neck)
 G - a +6 ring of intelligence
Wands
 n - a wand of quicksilver (3)
 v - a wand of flame (56)
 A - a wand of roots (6)
 D - a wand of charming (6)
 J - a wand of mindburst (17)
Scrolls
 d - a scroll of fear {unknown}
 e - 2 scrolls of vulnerability
 f - 2 scrolls of poison
 h - a scroll of magic mapping
 j - a scroll of immolation
 l - a scroll of torment {unknown}
 r - a scroll of identify
 s - a scroll of teleportation
 B - a scroll of brand weapon {unknown}
 C - a scroll of silence {unknown}
 E - a scroll of fog {unknown}
 I - a scroll of enchant weapon {unknown}
 K - a scroll of noise {unknown}
 O - a scroll of amnesia
Potions
 i - 3 potions of might
 k - 3 potions of curing
 m - a potion of ambrosia
 p - 4 potions of mutation
 q - a potion of flight
 z - 2 potions of berserk rage
 P - a potion of attraction {unknown}


   Skills:
 - Level 2.0 Fighting
 + Level 16.4 Ranged Weapons
 - Level 1.7 Dodging
 - Level 0.8 Stealth


You had 8 spell levels left.
You knew the following spells:

 Your Spells              Type           Power      Damage    Failure   Level
a - Blink                 Tloc           0%         N/A       38%         2

Your spell library contained the following spells:

 Spells                   Type           Power      Damage    Failure   Level
 Necrotise                Necr           0%         1d4       26%         1
 Lesser Beckoning         Tloc           0%         N/A       38%         2
 Gell's Gravitas          Tloc           0%         N/A       63%         3
 Ozocubu's Armour         Ice            0%         N/A       63%         3
 Teleport Other           Tloc           0%         N/A       63%         3
 Vampiric Draining        Necr           0%         2d6       63%         3
 Manifold Assault         Tloc           0%         N/A       95%         4
 Agony                    Necr           0%         N/A       100%        5
 Fireball                 Conj/Fire      0%         3d3       100%        5
 Iskenderun's Battlesphe  Conj           0%         2d6       100%        5
 Metabolic Englaciation   Hex/Ice        0%         N/A       100%        5
 Conjure Ball Lightning   Conj/Air       0%         3x3d6     100%        6
 Simulacrum               Ice/Necr       0%         N/A       100%        6
 Orb of Destruction       Conj           0%         9d5       100%        7
 Storm Form               Tmut/Air       0%         N/A       100%        7


Dungeon Overview and Level Annotations

Branches:
Dungeon (9/15)             Temple (1/1) D:5            Lair (1/5) D:9
  IceCv (1/1)
    Orc: D:9-12

Altars:
Ashenzari
Cheibriados
Dithmenos
Fedhas
Gozag
Hepliaklqana
Kikubaaqudgha
Makhleb
Nemelex Xobeh
Okawaru
Qazlal
Ru
Sif Muna
Trog
Vehumet
Wu Jian
Xom
Yredelemnul

Annotations:
D:7 2 transporters


Innate Abilities, Weirdness & Mutations

A powerful demonic guardian rushes to your aid.
You are completely covered in razor-sharp scales. (AC +3, Slay +3)
You have a sharp stinger which inflicts weakening toxins.
You are robust. (+10% HP)


Message History

Okay, then.
You shoot a bolt. The quicksilver ooze quivers.
The bolt hits the quicksilver ooze!
The bolt freezes the quicksilver ooze.
The quicksilver ooze is moderately wounded.
You shoot a bolt.
The bolt hits the quicksilver ooze but does no damage.
The quicksilver ooze is moderately wounded.
You shoot a bolt.
The bolt closely misses the quicksilver ooze.
The quicksilver ooze completely misses you.
The quicksilver ooze hits you.
You feel your power leaking away. The quicksilver ooze hits you!!
The quicksilver ooze hits you but does no damage.
You shoot a bolt. The bolt hits the quicksilver ooze!!
The bolt freezes the quicksilver ooze.
The quicksilver ooze is severely wounded.
The quicksilver ooze closely misses you.
The quicksilver ooze hits you!
You feel your power leaking away.
Unknown command.
You shoot a bolt. The bolt hits the quicksilver ooze!
The bolt freezes the quicksilver ooze.
The quicksilver ooze is almost dead.
The quicksilver ooze hits you!!
A demonic guardian appears!
The quicksilver ooze engulfs you! The quicksilver ooze hits you!
* * * LOW HITPOINT WARNING * * *
The quicksilver ooze hits you!
* * * LOW HITPOINT WARNING * * *
The quicksilver ooze hits you but does no damage.
You cannot read scrolls while unable to breathe!
You feel much better.
* * * LOW HITPOINT WARNING * * *
Your lungs strain for air!
The quicksilver ooze hits you!!
* * * LOW HITPOINT WARNING * * *
The quicksilver ooze completely misses you.
The quicksilver ooze hits you!
You die...

##. ##.... #######......
######...........#
###......3.@J.....##
###.......###########
#.......### ###########
#####....### #.........###
...###....### ###...........##
.....###....###.....###......#
..#....##.........######.....#
..##....####....###.).###....#
...##....########..).##.....##


You could see a quicksilver ooze (ally target) and a friendly soul eater
(summoned).

Vanquished Creatures
  A quicksilver ooze (IceCv)
  Erica (D:8)
  2 ice statues (IceCv)
  Maggie (D:8)
  A komodo dragon (D:9)
  2 ice devils (Lair:1)
  A hornet (D:9)
  Grinder (D:6)
  5 slime creatures (IceCv)
  Sigmund (D:5)
  4 yaks
  A steam dragon (D:9)
  3 water moccasins
  An orc warrior (D:8)
  A sky beast (D:5)
  A black bear (D:5)
  3 great orb of eyes simulacra (IceCv)
  An ogre (D:6)
  2 centaurs
  2 slime creature simulacra (IceCv)
  A phantom (D:6)
  2 kobold brigands
  A bullfrog (D:9)
  2 scorpions
  3 glowing shapeshifter simulacra (IceCv)
  A howler monkey (D:5)
  4 hounds
  2 jellies (D:6)
  A gnoll bouda (D:8)
  Crazy Yiuf (D:7)
  An orc priest (D:7)
  A sleepcap (D:6)
  6 iguanas
  Ijyb (D:5)
  5 orc wizards
  3 gnolls
  7 adders
  A shadow imp (D:6)
  3 white imps
  4 ufetubi
  4 worms
  2 dart slugs
  25 orcs
  7 bats
  7 endoplasms
  2 giant cockroaches (D:2)
  8 goblins
  11 hobgoblins
  9 jackals
  4 quokkas
  8 ball pythons
  9 frilled lizards
  23 kobolds
  8 rats
212 creatures vanquished.

Vanquished Creatures (collateral kills)
  Amaemon (D:8)
  An orange demon (D:8)
  2 wyverns (D:5)
  5 yaks
  An ogre (D:5)
  A slime creature simulacrum (IceCv)
  A shapeshifter simulacrum (IceCv)
  2 gnolls
14 creatures vanquished.

Vanquished Creatures (others)
  A worm (D:3)
  A bat (D:2)
  A hobgoblin (D:3)
  2 rats (D:3)
  6 plants
11 creatures vanquished.

Grand Total: 237 creatures vanquished

Notes
Turn   | Place    | Note
-------+----------+-------------------------------------------
     0 | D:1      | Alarkh the Demonspawn Hunter began the quest for the Orb.
     0 | D:1      | Reached XP level 1. HP: 16/16 MP: 1/1
    87 | D:1      | Reached skill level 4 in Ranged Weapons
    88 | D:1      | Gained mutation: You are partially covered in razor-sharp
                  | scales. (AC +1, Slay +1) [demonic ancestry]
    88 | D:1      | Reached XP level 2. HP: 4/22 MP: 2/2
   418 | D:1      | Gained mutation: You are mostly covered in razor-sharp
                  | scales. (AC +2, Slay +2) [demonic ancestry]
   418 | D:1      | Reached XP level 3. HP: 27/27 MP: 3/3
   906 | D:2      | You fall into a shaft and drop 1 floor!
   938 | D:3      | Reached skill level 5 in Ranged Weapons
  1146 | D:2      | Gained mutation: A weak demonic guardian rushes to your
                  | aid. [demonic ancestry]
  1146 | D:2      | Reached XP level 4. HP: 33/33 MP: 4/4
  1707 | D:3      | Identified the +7 dagger of Ghostly Honour {drain, rN+
                  | Str-2 Int+8}
  1723 | D:3      | Found a stormy altar of Qazlal.
  1773 | D:3      | Found a shimmering altar of Xom.
  1878 | D:3      | Found a faded altar of an unknown god.
  1951 | D:3      | Learned a level 2 spell: Blink
  2018 | D:4      | Gained mutation: You are completely covered in razor-sharp
                  | scales. (AC +3, Slay +3) [demonic ancestry]
  2018 | D:4      | Reached XP level 5. HP: 38/38 MP: 5/5
  2295 | D:4      | Found a shadowy altar of Dithmenos.
  2455 | D:4      | Reached skill level 6 in Ranged Weapons
  2688 | D:5      | Entered Level 5 of the Dungeon
  2695 | D:5      | Gained mutation: A demonic guardian rushes to your aid.
                  | [demonic ancestry]
  2695 | D:5      | Reached XP level 6. HP: 40/44 MP: 6/6
  2811 | D:5      | Gained mutation: You are robust. (+10% HP) [potion of
                  | mutation]
  2817 | D:5      | Reached skill level 7 in Ranged Weapons
  2919 | D:5      | Noticed Sigmund
  2946 | D:5      | Killed Sigmund
  2947 | D:5      | Gained mutation: You have a small tail. [demonic ancestry]
  2947 | D:5      | Reached XP level 7. HP: 16/55 MP: 7/7
  3007 | D:5      | Reached skill level 8 in Ranged Weapons
  3110 | D:5      | Noticed a wyvern
  3126 | D:5      | Killed a wyvern
  3375 | D:5      | Noticed Ijyb
  3400 | D:5      | Killed Ijyb
  3606 | D:5      | Reached skill level 9 in Ranged Weapons
  3612 | D:5      | Reached XP level 8. HP: 61/61 MP: 8/8
  3623 | D:5      | Found a bloodstained altar of Trog.
  3794 | D:5      | Found a staircase to the Ecumenical Temple.
  3841 | D:5      | Found an opulent altar of Gozag.
  3927 | D:5      | Reached skill level 10 in Ranged Weapons
  4617 | D:6      | Noticed Grinder
  4620 | D:6      | Paralysed by Grinder for 4 turns
  4632 | D:6      | Killed Grinder
  4633 | D:6      | Reached skill level 11 in Ranged Weapons
  4875 | D:6      | Gained mutation: A powerful demonic guardian rushes to your
                  | aid. [demonic ancestry]
  4875 | D:6      | Reached XP level 9. HP: 67/67 MP: 9/9
  5138 | D:7      | Found a transporter.
  5244 | Temple   | Entered the Ecumenical Temple
  5810 | D:7      | Found a transporter.
  5883 | D:7      | Found a runed translucent door.
  5884 | D:7      | Noticed Crazy Yiuf
  6408 | D:7      | Killed Crazy Yiuf
  6659 | D:8      | Reached skill level 12 in Ranged Weapons
  6692 | D:8      | Identified the +3 leather armour of Precision Catastrophes
                  | {+Blink Will+}
  6995 | D:8      | Noticed Amaemon
  6997 | D:8      | Noticed an orange demon
  7012 | D:8      | Killed Amaemon
  7014 | D:8      | Killed an orange demon
  7015 | D:8      | Reached skill level 13 in Ranged Weapons
  7172 | D:8      | Noticed Erica
  7405 | D:9      | Found a staircase to the Lair.
  7406 | D:9      | Noticed a komodo dragon
  7545 | D:9      | Killed a komodo dragon
  7558 | D:9      | Gained mutation: You have a tail ending in a sharp stinger.
                  | [demonic ancestry]
  7558 | D:9      | Reached XP level 10. HP: 35/73 MP: 10/10
  7735 | D:9      | Reached skill level 14 in Ranged Weapons
  8572 | D:8      | Noticed Maggie
  8581 | D:8      | Killed Maggie
  8700 | D:8      | Found a broken altar of Ashenzari.
  8771 | D:8      | Found an ancient bone altar of Kikubaaqudgha.
  8814 | D:8      | Killed Erica
  8931 | Lair:1   | Entered Level 1 of the Lair of Beasts
  9045 | Lair:1   | Found a frozen archway.
  9054 | Lair:1   | Reached skill level 15 in Ranged Weapons
  9089 | IceCv    | Entered an ice cave
  9110 | IceCv    | Noticed a quicksilver ooze
  9117 | IceCv    | Killed a quicksilver ooze
  9118 | IceCv    | Gained mutation: You have a sharp stinger which inflicts
                  | weakening toxins. [demonic ancestry]
  9118 | IceCv    | Reached XP level 11. HP: 55/79 MP: 0/11
  9297 | IceCv    | Reached skill level 16 in Ranged Weapons
  9749 | IceCv    | Noticed a quicksilver ooze
  9876 | IceCv    | HP: 3/79 [quicksilver ooze (18)]
  9876 | IceCv    | Mangled by a quicksilver ooze

Illustrated notes

Levels and vault maps discovered:
D:1:      minmay_arrival_checkered_box, layout_rooms
D:2:      layout_loops_corners, nicolae_underground_beach
D:3:      layout_rooms, xom_confusion_cloud, mainiacjoe_overflow_chevrons,
          shapermc_ecumenical_altar_mp_vishouse
D:4:      layout_loops_ring, mainiacjoe_overflow_boulevard
D:5:      layout_loops_ring, trog_antimagical, nicolae_gozag_seed_capital,
          minmay_temple_entry_from_below_a, minmay_misc_feat_tower,
          grunt_ministairs_3, minmay_chambers_of_fives, uniq_sigmund, uniq_ijyb
D:6:      layout_loops_ring, corexii_leaking_fountain,
          minmay_misc_feat_four_crosses, dreamdust_princess_bridge,
          amcnicky_mini_corridor_feature, minmay_lizard_king, uniq_grinder
D:7:      gammafunk_steamed_eel, layout_basic, uniq_crazy_yiuf_cottage
D:8:      layout_loops_cross, mainiacjoe_overflow_alcove_1,
          general_overflow_altar, kennysheep_path_1, uniq_amaemon, uniq_erica,
          uniq_maggie
D:9:      layout_long_grid, david_lair_shrubbed
Temple:   eino_temple_lava
Lair:1:   layout_misc_corridors, portal_ice_cave_demonic_guard,
          beast_lair_carwin_6
IceCv:    ice_cave_hellmonk_azure_passage

Skill      XL: |  1  2  3  4  5  6  7  8  9 10 11 |
---------------+----------------------------------+-----
Ranged Weapons | 4 5 6 7 9 11 13 15 16 | 16.4
Fighting       | |  2.0
Dodging        | |  1.7
Stealth        | |  0.8

Action                     |  1- 3 |  4- 6 |  7- 9 | 10-12 || total
---------------------------+-------+-------+-------+-------++-------
  Melee: Dagger            |       |     7 |    16 |       ||    23
         Shortbow          |       |     2 |       |       ||     2
         Tailslap          |       |       |     3 |       ||     3
   Fire: Shortbow          |   129 |   123 |   338 |    30 ||   620
         Arbalest          |       |       |       |   164 ||   164
  Evoke: Wand              |       |       |     1 |     2 ||     3
    Use: Scroll            |     2 |     2 |     7 |     3 ||    14
         Potion            |       |     7 |     1 |     1 ||     9
 Armour: Leather armour    |    29 |    20 |    62 |    11 ||   122
         Robe              |       |       |       |    10 ||    10
  Dodge: Dodged            |    41 |    39 |   103 |    40 ||   223
